2354 views
Uploaded 2022-03-04 20:30:17
Game version 1.32.10
18:00 long 4on4 ladder game on (8)MarketSquare
Saved by xzz
2354 views
Uploaded 2022-03-04 20:30:17
Game version 1.32.10
18:00 long 4on4 ladder game on (8)MarketSquare


140 units @ 20.9k
/ 2.7k
76 buildings @ 11.3k
/ 4.7k


| Healing Salve | 2 | 200 |
| Lesser Clarity Potion | 3 | 210 |
| Scroll of Speed | 2 | 100 |
| Potion of Healing | 2 | 300 |
| Scroll of Healing | 2 | 500 |
| Scroll of Protection | 1 | 150 |
| Potion of Lesser Invulnerability | 1 | 150 |
| Scroll of Regeneration | 2 | 200 |
| total: | 15 | 1810g |
| Peon | 7 | 525 | / | 0 |
| Grunt | 8 | 1600 | / | 0 |
| Shaman | 4 | 520 | / | 80 |
| Raider | 9 | 1620 | / | 360 |
| total: | 28 | 4265g | / | 440w |
| Watch Tower | 2 | 220 | / | 160 |
| Altar of Storms | 1 | 180 | / | 50 |
| Orc Burrow | 7 | 1120 | / | 280 |
| Voodoo Lounge | 1 | 130 | / | 30 |
| Barracks | 1 | 180 | / | 50 |
| War Mill | 1 | 205 | / | 0 |
| Spirit Lodge | 1 | 150 | / | 150 |
| Beastiary | 1 | 145 | / | 140 |
| Stronghold | 1 | 315 | / | 190 |
| Fortress | 1 | 325 | / | 190 |
| total: | 15 | 2330g | / | 860w |
| 0:05 | Peon |
| 0:05 | Peon |
| 0:28 | Altar of Storms |
| 0:30 | Orc Burrow |
| 0:53 | Peon |
| 0:56 | Voodoo Lounge |
| 0:58 | Peon |
| 0:58 | Peon |
| 1:26 | Barracks |
| 1:36 | Peon |
| 1:59 | War Mill |
| 2:03 | Peon |
| 2:08 | Orc Burrow |
| 2:31 | Wind Walk |
| 2:32 | Healing Salve |
| 2:32 | Lesser Clarity Potion |
| 2:32 | Scroll of Speed |
| 2:50 | Grunt |
| 3:30 | Grunt |
| 3:41 | Stronghold |
| 4:01 | Orc Burrow |
| 5:12 | Grunt |
| 5:15 | Orc Burrow |
| 5:59 | Grunt |
| 6:01 | Scroll of Regeneration |
| 6:02 | Lesser Clarity Potion |
| 6:22 | Spirit Lodge |
| 6:59 | Potion of Healing |
| 6:59 | Scroll of Regeneration |
| 7:00 | Lesser Clarity Potion |
| 7:07 | Berserker Strength |
| 7:13 | Beastiary |
| 7:18 | Hex |
| 7:32 | Healing Salve |
| 7:33 | Potion of Healing |
| 7:34 | Scroll of Speed |
| 8:23 | Shaman Adept Training |
| 8:28 | Critical Strike |
| 9:01 | Shaman |
| 9:02 | Ensnare |
| 9:02 | Raider |
| 9:04 | Fortress |
| 9:47 | Raider |
| 9:47 | Shaman |
| 9:59 | Watch Tower |
| 10:00 | Watch Tower |
| 10:03 | Wind Walk |
| 10:21 | Healing Wave |
| 10:25 | Raider |
| 10:27 | Raider |
| 11:41 | Grunt |
| 11:42 | Raider |
| 12:04 | Grunt |
| 12:04 | Raider |
| 12:23 | Grunt |
| 12:23 | Raider |
| 12:24 | Shaman Master Training |
| 12:36 | Critical Strike |
| 12:37 | Healing Wave |
| 13:18 | Raider |
| 14:14 | Orc Burrow |
| 14:15 | Orc Burrow |
| 14:17 | Orc Burrow |
| 14:19 | Steel Armor |
| 14:20 | Reinforced Defenses |
| 14:50 | Scroll of Healing |
| 14:50 | Scroll of Healing |
| 14:51 | Scroll of Protection |
| 14:51 | Potion of Lesser Invulnerability |
| 15:10 | Shaman |
| 17:06 | Shaman |
| 17:07 | Raider |
| 17:08 | Grunt |
| Right click | 1211 |
| Select group | 992 |
| Select | 391 |
| Misc. action | 97 |
| Build/train/purchase | 91 |
| Assign group | 37 |
| Use ability | 23 |
| Minimap ping | 8 |
| Item give/drop | 2 |

| Potion of Mana | 2 | 400 |
| Potion of Healing | 2 | 300 |
| total: | 4 | 700g |
| Wisp | 20 | 1200 | / | 0 |
| Archer | 5 | 650 | / | 50 |
| Chimaera | 12 | 3960 | / | 840 |
| total: | 37 | 5810g | / | 890w |
| Altar of Elders | 1 | 180 | / | 50 |
| Moon Well | 9 | 1620 | / | 360 |
| Ancient of War | 1 | 150 | / | 60 |
| Ancient of Wonders | 1 | 90 | / | 30 |
| Tree of Life | 1 | 340 | / | 185 |
| Hunter's Hall | 1 | 210 | / | 100 |
| Chimaera Roost | 4 | 560 | / | 760 |
| Tree of Ages | 1 | 320 | / | 180 |
| Tree of Eternity | 1 | 330 | / | 200 |
| total: | 18 | 3150g | / | 1545w |
| 0:02 | Wisp |
| 0:02 | Wisp |
| 0:06 | Altar of Elders |
| 0:09 | Moon Well |
| 0:37 | Wisp |
| 0:49 | Ancient of War |
| 0:52 | Wisp |
| 1:05 | Wisp |
| 1:33 | Moon Well |
| 1:36 | Wisp |
| 1:36 | Wisp |
| 1:54 | Archer |
| 2:08 | Tree of Ages |
| 2:28 | Fan of Knives |
| 2:35 | Archer |
| 2:40 | Moon Well |
| 3:07 | Ancient of Wonders |
| 3:37 | Archer |
| 3:40 | Moon Well |
| 3:56 | Blink |
| 4:13 | Archer |
| 4:31 | Potion of Mana |
| 4:36 | Potion of Mana |
| 4:36 | Potion of Healing |
| 5:20 | Tree of Life |
| 5:34 | Fan of Knives |
| 5:42 | Tree of Eternity |
| 6:13 | Potion of Healing |
| 6:43 | Hunter's Hall |
| 7:08 | Archer |
| 7:24 | Wisp |
| 7:25 | Wisp |
| 7:25 | Wisp |
| 7:25 | Wisp |
| 8:03 | Chimaera Roost |
| 8:11 | Wisp |
| 8:17 | Wisp |
| 8:18 | Wisp |
| 8:21 | Chimaera Roost |
| 9:36 | Chimaera |
| 9:36 | Chimaera |
| 9:49 | Moon Well |
| 9:50 | Wisp |
| 9:50 | Wisp |
| 9:59 | Blink |
| 10:35 | Chimaera |
| 10:35 | Chimaera |
| 10:58 | Chimaera |
| 11:31 | Chimaera |
| 11:31 | Chimaera |
| 11:42 | Chimaera Roost |
| 12:57 | Chimaera Roost |
| 12:59 | Strength of the Moon |
| 13:06 | Strength of the Wild |
| 13:35 | Moon Well |
| 13:36 | Moon Well |
| 13:38 | Moon Well |
| 14:20 | Corrosive Breath |
| 14:22 | Wisp |
| 14:22 | Wisp |
| 14:22 | Wisp |
| 14:23 | Wisp |
| 14:52 | Chimaera |
| 15:00 | Moon Well |
| 15:28 | Fan of Knives |
| 15:42 | Chimaera |
| 15:42 | Chimaera |
| 16:17 | Improved Strength of the Wild |
| 16:46 | Chimaera |
| 16:46 | Chimaera |
| 17:13 | Reinforced Hides |
| Right click | 1253 |
| Select group | 436 |
| Select | 161 |
| Build/train/purchase | 82 |
| Resource trade | 17 |
| Assign group | 15 |
| Use ability | 12 |
| Remove unit | 1 |


| Lesser Clarity Potion | 2 | 140 |
| Scroll of Regeneration | 1 | 100 |
| total: | 3 | 240g |
| Peasant | 15 | 1125 | / | 0 |
| Footman | 8 | 1080 | / | 0 |
| Rifleman | 15 | 3075 | / | 450 |
| Mortar Team | 5 | 900 | / | 350 |
| total: | 43 | 6180g | / | 800w |
| Scout Tower | 4 | 120 | / | 80 |
| Guard Tower | 3 | 210 | / | 150 |
| Arcane Tower | 1 | 70 | / | 50 |
| Altar of Kings | 1 | 180 | / | 50 |
| Farm | 11 | 880 | / | 220 |
| Barracks | 1 | 160 | / | 60 |
| Blacksmith | 1 | 140 | / | 60 |
| Arcane Vault | 3 | 390 | / | 90 |
| Lumber Mill | 1 | 120 | / | 0 |
| Town Hall | 2 | 770 | / | 410 |
| Workshop | 1 | 140 | / | 140 |
| Keep | 1 | 320 | / | 210 |
| Castle | 1 | 360 | / | 210 |
| total: | 25 | 2900g | / | 1110w |
| 0:02 | Peasant |
| 0:02 | Peasant |
| 0:02 | Peasant |
| 0:02 | Peasant |
| 0:33 | Altar of Kings |
| 0:38 | Peasant |
| 0:38 | Peasant |
| 0:49 | Farm |
| 1:03 | Barracks |
| 1:09 | Peasant |
| 1:21 | Farm |
| 1:48 | Farm |
| 1:54 | Peasant |
| 2:11 | Blacksmith |
| 2:14 | Footman |
| 2:15 | Footman |
| 2:19 | Arcane Vault |
| 2:21 | Arcane Vault |
| 2:52 | Summon Water Elemental |
| 3:02 | Peasant |
| 3:06 | Footman |
| 3:06 | Footman |
| 3:10 | Farm |
| 3:12 | Lumber Mill |
| 4:15 | Footman |
| 4:16 | Keep |
| 4:45 | Arcane Vault |
| 4:49 | Scout Tower |
| 5:06 | Footman |
| 5:09 | Improved Lumber Harvesting |
| 5:11 | Footman |
| 5:18 | Scout Tower |
| 5:20 | Guard Tower |
| 5:45 | Guard Tower |
| 5:49 | Footman |
| 6:02 | Lesser Clarity Potion |
| 6:12 | Scout Tower |
| 6:13 | Rifleman |
| 6:14 | Rifleman |
| 6:47 | Brilliance Aura |
| 6:55 | Rifleman |
| 6:57 | Black Gunpowder |
| 7:00 | Arcane Tower |
| 7:02 | Long Rifles |
| 7:42 | Farm |
| 7:55 | Rifleman |
| 8:12 | Peasant |
| 8:17 | Studded Leather Armor |
| 8:23 | Farm |
| 8:44 | Summon Water Elemental |
| 8:58 | Town Hall |
| 9:00 | Town Hall |
| 9:14 | Storm Bolt |
| 9:44 | Rifleman |
| 9:44 | Rifleman |
| 9:47 | Farm |
| 10:36 | Farm |
| 10:38 | Refined Gunpowder |
| 10:39 | Rifleman |
| 10:42 | Scout Tower |
| 10:44 | Bash |
| 11:04 | Rifleman |
| 11:19 | Guard Tower |
| 12:00 | Peasant |
| 12:01 | Peasant |
| 12:01 | Peasant |
| 12:11 | Lesser Clarity Potion |
| 12:12 | Scroll of Regeneration |
| 12:24 | Rifleman |
| 12:25 | Rifleman |
| 12:40 | Reinforced Leather Armor |
| 12:57 | Blizzard |
| 13:12 | Rifleman |
| 13:15 | Workshop |
| 13:19 | Castle |
| 13:43 | Rifleman |
| 14:09 | Rifleman |
| 14:11 | Farm |
| 14:24 | Mortar Team |
| 14:25 | Mortar Team |
| 14:25 | Mortar Team |
| 14:50 | Farm |
| 15:11 | Rifleman |
| 15:37 | Farm |
| 15:39 | Mortar Team |
| 15:43 | Advanced Lumber Harvesting |
| 16:22 | Imbued Gunpowder |
| 16:53 | Rifleman |
| 16:55 | Mortar Team |
| 16:59 | Fragmentation Shards |
| 17:16 | Peasant |
| 17:16 | Peasant |
| Right click | 721 |
| Select | 387 |
| Build/train/purchase | 94 |
| Select group | 34 |
| Assign group | 32 |
| Use ability | 8 |
| Remove unit | 2 |

| Orb of Venom | 1 | 325 |
| Lesser Clarity Potion | 2 | 140 |
| Potion of Healing | 1 | 150 |
| Potion of Mana | 1 | 200 |
| total: | 5 | 815g |
| Wisp | 16 | 960 | / | 0 |
| Archer | 1 | 130 | / | 10 |
| Huntress | 10 | 1950 | / | 200 |
| Chimaera | 5 | 1650 | / | 350 |
| total: | 32 | 4690g | / | 560w |
| Ancient Protector | 3 | 405 | / | 240 |
| Ancient of War | 1 | 150 | / | 60 |
| Moon Well | 8 | 1440 | / | 320 |
| Altar of Elders | 2 | 360 | / | 100 |
| Hunter's Hall | 1 | 210 | / | 100 |
| Ancient of Wonders | 1 | 90 | / | 30 |
| Chimaera Roost | 2 | 280 | / | 380 |
| Tree of Ages | 1 | 320 | / | 180 |
| Tree of Eternity | 1 | 330 | / | 200 |
| total: | 18 | 2935g | / | 1230w |
| 0:05 | Wisp |
| 0:07 | Wisp |
| 0:17 | Wisp |
| 0:23 | Ancient of War |
| 0:28 | Moon Well |
| 0:35 | Altar of Elders |
| 0:47 | Altar of Elders |
| 0:51 | Wisp |
| 1:00 | Wisp |
| 1:06 | Wisp |
| 1:14 | Wisp |
| 1:18 | Wisp |
| 1:27 | Archer |
| 1:40 | Wisp |
| 1:40 | Wisp |
| 2:01 | Hunter's Hall |
| 2:04 | Wisp |
| 2:17 | Moon Well |
| 2:20 | Moon Well |
| 2:27 | Ancient of Wonders |
| 2:50 | Shadow Strike |
| 3:30 | Tree of Ages |
| 3:33 | Ultravision |
| 3:46 | Huntress |
| 3:58 | Ancient Protector |
| 4:17 | Huntress |
| 4:40 | Huntress |
| 5:19 | Huntress |
| 5:25 | Ancient Protector |
| 5:27 | Ancient Protector |
| 5:35 | Huntress |
| 6:27 | Wisp |
| 6:27 | Wisp |
| 6:33 | Huntress |
| 6:57 | Sentinel |
| 7:02 | Tree of Eternity |
| 7:04 | Moon Well |
| 7:19 | Moon Well |
| 7:56 | Huntress |
| 8:12 | Blink |
| 8:19 | Moon Well |
| 8:24 | Huntress |
| 8:56 | Huntress |
| 9:19 | Huntress |
| 9:23 | Strength of the Moon |
| 9:27 | Well Spring |
| 9:28 | Wisp |
| 9:28 | Wisp |
| 9:33 | Chimaera Roost |
| 10:02 | Orb of Venom |
| 10:03 | Lesser Clarity Potion |
| 10:03 | Potion of Healing |
| 10:04 | Potion of Mana |
| 10:06 | Lesser Clarity Potion |
| 10:13 | Chimaera Roost |
| 10:50 | Wisp |
| 11:31 | Shadow Strike |
| 11:45 | Moon Glaive |
| 12:34 | Chimaera |
| 12:49 | Chimaera |
| 12:58 | Blink |
| 13:33 | Moon Well |
| 14:05 | Chimaera |
| 14:10 | Moon Well |
| 14:32 | Corrosive Breath |
| 15:09 | Chimaera |
| 15:43 | Chimaera |
| 17:47 | Shadow Strike |
| Right click | 1375 |
| Select group | 425 |
| Select | 323 |
| Misc. action | 178 |
| Assign group | 87 |
| Build/train/purchase | 73 |
| Use ability | 40 |
| Esc | 6 |
102 units @ 9.4k
/ 0.4k
76 buildings @ 9.8k
/ 4.4k


| Scroll of Regeneration | 1 | 100 |
| Lesser Clarity Potion | 1 | 70 |
| total: | 2 | 170g |
| Peasant | 11 | 825 | / | 0 |
| Footman | 8 | 1080 | / | 0 |
| Sorceress | 2 | 310 | / | 40 |
| Priest | 1 | 135 | / | 10 |
| total: | 22 | 2350g | / | 50w |
| Scout Tower | 1 | 30 | / | 20 |
| Arcane Tower | 1 | 70 | / | 50 |
| Altar of Kings | 1 | 180 | / | 50 |
| Farm | 8 | 640 | / | 160 |
| Barracks | 1 | 160 | / | 60 |
| Arcane Vault | 1 | 130 | / | 30 |
| Arcane Sanctum | 2 | 300 | / | 280 |
| Keep | 1 | 320 | / | 210 |
| Castle | 1 | 360 | / | 210 |
| total: | 14 | 1440g | / | 600w |
| 0:03 | Peasant |
| 0:03 | Peasant |
| 0:13 | Altar of Kings |
| 0:20 | Farm |
| 0:25 | Barracks |
| 0:29 | Peasant |
| 0:43 | Peasant |
| 0:52 | Farm |
| 0:57 | Peasant |
| 1:02 | Peasant |
| 1:18 | Peasant |
| 1:27 | Footman |
| 1:39 | Farm |
| 1:43 | Peasant |
| 1:46 | Footman |
| 1:51 | Peasant |
| 2:00 | Peasant |
| 2:16 | Peasant |
| 2:22 | Footman |
| 2:29 | Summon Water Elemental |
| 2:36 | Scout Tower |
| 3:32 | Keep |
| 3:34 | Arcane Tower |
| 3:52 | Farm |
| 3:57 | Footman |
| 4:24 | Farm |
| 4:27 | Arcane Vault |
| 4:46 | Footman |
| 5:08 | Footman |
| 6:10 | Scroll of Regeneration |
| 6:10 | Lesser Clarity Potion |
| 6:26 | Arcane Sanctum |
| 6:27 | Arcane Sanctum |
| 6:33 | Footman |
| 6:33 | Footman |
| 7:11 | Farm |
| 7:11 | Farm |
| 7:11 | Farm |
| 7:37 | Storm Bolt |
| 8:19 | Sorceress |
| 8:19 | Priest |
| 8:52 | Sorceress |
| 9:01 | Castle |
| 9:26 | Brilliance Aura |
| Right click | 366 |
| Select | 157 |
| Select group | 156 |
| Misc. action | 89 |
| Build/train/purchase | 52 |
| Assign group | 23 |
| Use ability | 8 |
| Chat | 7 |
| Minimap ping | 3 |
| Esc | 1 |

| Healing Salve | 2 | 200 |
| Lesser Clarity Potion | 3 | 210 |
| Scroll of Town Portal | 1 | 350 |
| total: | 6 | 760g |
| Peon | 10 | 750 | / | 0 |
| Grunt | 1 | 200 | / | 0 |
| Troll Headhunter | 4 | 560 | / | 80 |
| Sorceress | 1 | 155 | / | 20 |
| total: | 16 | 1665g | / | 100w |
| Watch Tower | 10 | 1100 | / | 800 |
| Altar of Storms | 2 | 360 | / | 100 |
| Orc Burrow | 2 | 320 | / | 80 |
| Barracks | 1 | 180 | / | 50 |
| Voodoo Lounge | 1 | 130 | / | 30 |
| War Mill | 1 | 205 | / | 0 |
| Great Hall | 1 | 385 | / | 185 |
| Stronghold | 1 | 315 | / | 190 |
| Scout Tower | 11 | 330 | / | 220 |
| Arcane Tower | 1 | 70 | / | 50 |
| total: | 29 | 3010g | / | 1465w |
| 0:08 | Altar of Storms |
| 0:09 | Orc Burrow |
| 0:13 | Altar of Storms |
| 0:20 | Peon |
| 0:20 | Peon |
| 0:56 | Barracks |
| 1:03 | Peon |
| 1:23 | Orc Burrow |
| 1:27 | Peon |
| 1:46 | Peon |
| 2:00 | Grunt |
| 2:04 | Voodoo Lounge |
| 2:16 | Serpent Ward |
| 2:36 | War Mill |
| 2:39 | Peon |
| 3:01 | Peon |
| 3:01 | Peon |
| 3:02 | Peon |
| 3:44 | Peon |
| 4:04 | Hex |
| 4:17 | Great Hall |
| 4:20 | Watch Tower |
| 4:20 | Watch Tower |
| 4:33 | Watch Tower |
| 4:35 | Healing Salve |
| 4:35 | Lesser Clarity Potion |
| 4:38 | Lesser Clarity Potion |
| 4:41 | Troll Headhunter |
| 5:00 | Watch Tower |
| 5:07 | Troll Headhunter |
| 5:50 | Troll Headhunter |
| 5:50 | Troll Headhunter |
| 6:13 | Stronghold |
| 7:30 | Serpent Ward |
| 8:02 | Healing Salve |
| 8:02 | Lesser Clarity Potion |
| 8:48 | Scroll of Town Portal |
| 9:14 | Watch Tower |
| 9:14 | Watch Tower |
| 9:15 | Watch Tower |
| 9:16 | Watch Tower |
| 9:16 | Watch Tower |
| 9:17 | Watch Tower |
| 12:21 | Hex |
| 13:59 | Sorceress |
| 15:05 | Scout Tower |
| 15:06 | Scout Tower |
| 15:06 | Scout Tower |
| 15:08 | Scout Tower |
| 15:09 | Scout Tower |
| 15:10 | Scout Tower |
| 15:10 | Scout Tower |
| 15:11 | Scout Tower |
| 15:12 | Scout Tower |
| 15:21 | Scout Tower |
| 15:22 | Scout Tower |
| 15:24 | Arcane Tower |
| Right click | 761 |
| Chat | 369 |
| Select | 239 |
| Use ability | 56 |
| Minimap ping | 45 |
| Build/train/purchase | 38 |
| Select group | 25 |
| Misc. action | 22 |
| Assign group | 9 |

| Potion of Healing | 1 | 150 |
| Moonstone | 1 | 50 |
| total: | 2 | 200g |
| Wisp | 11 | 660 | / | 0 |
| Archer | 13 | 1690 | / | 130 |
| Hippogryph | 1 | 160 | / | 20 |
| total: | 25 | 2510g | / | 150w |
| Altar of Elders | 1 | 180 | / | 50 |
| Moon Well | 6 | 1080 | / | 240 |
| Ancient of War | 1 | 150 | / | 60 |
| Hunter's Hall | 1 | 210 | / | 100 |
| Ancient of Wonders | 1 | 90 | / | 30 |
| Ancient of Wind | 2 | 300 | / | 280 |
| Tree of Ages | 1 | 320 | / | 180 |
| total: | 12 | 2010g | / | 760w |
| 0:04 | Wisp |
| 0:04 | Wisp |
| 0:04 | Wisp |
| 0:11 | Altar of Elders |
| 0:22 | Moon Well |
| 0:44 | Ancient of War |
| 0:46 | Wisp |
| 1:00 | Wisp |
| 1:00 | Wisp |
| 1:26 | Moon Well |
| 1:33 | Wisp |
| 1:45 | Archer |
| 1:56 | Archer |
| 2:13 | Searing Arrows |
| 2:19 | Moon Well |
| 3:03 | Archer |
| 3:03 | Archer |
| 3:05 | Wisp |
| 3:05 | Wisp |
| 3:14 | Moon Well |
| 3:33 | Archer |
| 4:11 | Moon Well |
| 4:12 | Archer |
| 4:12 | Archer |
| 4:46 | Tree of Ages |
| 5:10 | Archer |
| 5:10 | Archer |
| 5:51 | Trueshot Aura |
| 6:08 | Archer |
| 6:08 | Archer |
| 6:31 | Archer |
| 6:31 | Archer |
| 7:11 | Hunter's Hall |
| 7:15 | Ancient of Wonders |
| 7:17 | Wisp |
| 7:17 | Wisp |
| 7:27 | Ancient of Wind |
| 7:33 | Ancient of Wind |
| 7:53 | Improved Bows |
| 8:06 | Moon Well |
| 8:24 | Potion of Healing |
| 8:25 | Moonstone |
| 8:38 | Hippogryph |
| Right click | 124 |
| Select | 102 |
| Chat | 74 |
| Select group | 63 |
| Build/train/purchase | 36 |
| Assign group | 16 |
| Minimap ping | 15 |
| Misc. action | 7 |
| Use ability | 3 |


| Orb of Venom | 2 | 650 |
| total: | 2 | 650g |
| Wisp | 37 | 2220 | / | 0 |
| Chimaera | 2 | 660 | / | 140 |
| total: | 39 | 2880g | / | 140w |
| Ancient Protector | 4 | 540 | / | 320 |
| Altar of Elders | 1 | 180 | / | 50 |
| Moon Well | 10 | 1800 | / | 400 |
| Ancient of Wonders | 1 | 90 | / | 30 |
| Hunter's Hall | 1 | 210 | / | 100 |
| Ancient of Wind | 1 | 150 | / | 140 |
| Chimaera Roost | 3 | 420 | / | 570 |
| Tree of Ages | 3 | 960 | / | 540 |
| Tree of Eternity | 3 | 990 | / | 600 |
| total: | 21 | 3390g | / | 1610w |
| 0:04 | Wisp |
| 0:04 | Wisp |
| 0:04 | Wisp |
| 0:11 | Altar of Elders |
| 0:22 | Moon Well |
| 0:32 | Moon Well |
| 0:38 | Wisp |
| 0:45 | Wisp |
| 0:55 | Wisp |
| 0:55 | Wisp |
| 1:11 | Wisp |
| 1:17 | Ancient of Wonders |
| 1:24 | Wisp |
| 1:24 | Wisp |
| 1:31 | Wisp |
| 1:31 | Wisp |
| 1:31 | Wisp |
| 1:51 | Moon Well |
| 1:55 | Wisp |
| 1:55 | Wisp |
| 2:11 | Force of Nature |
| 2:15 | Moon Well |
| 2:28 | Hunter's Hall |
| 3:30 | Moon Well |
| 3:37 | Ultravision |
| 3:54 | Moon Well |
| 4:03 | Moon Well |
| 4:07 | Tree of Ages |
| 4:23 | Ancient Protector |
| 4:32 | Ancient Protector |
| 4:40 | Moon Well |
| 5:40 | Moon Well |
| 6:00 | Moon Well |
| 6:29 | Tree of Eternity |
| 6:30 | Tree of Eternity |
| 6:34 | Reinforced Hides |
| 6:36 | Strength of the Wild |
| 7:26 | Searing Arrows |
| 8:06 | Ancient of Wind |
| 8:09 | Entangling Roots |
| 8:53 | Well Spring |
| 9:56 | Wisp |
| 9:56 | Wisp |
| 9:57 | Wisp |
| 9:57 | Wisp |
| 9:57 | Wisp |
| 9:57 | Wisp |
| 11:01 | Orb of Venom |
| 11:20 | Wisp |
| 11:20 | Wisp |
| 11:20 | Wisp |
| 11:20 | Wisp |
| 11:21 | Wisp |
| 11:22 | Wisp |
| 11:22 | Wisp |
| 11:22 | Wisp |
| 11:22 | Wisp |
| 11:49 | Chimaera Roost |
| 11:52 | Chimaera Roost |
| 11:56 | Chimaera Roost |
| 12:02 | Trueshot Aura |
| 12:02 | Trueshot Aura |
| 12:33 | Ancient Protector |
| 12:39 | Ancient Protector |
| 12:42 | Wisp |
| 12:43 | Wisp |
| 12:43 | Wisp |
| 12:43 | Wisp |
| 12:43 | Wisp |
| 12:43 | Wisp |
| 12:43 | Wisp |
| 13:55 | Corrosive Breath |
| 14:13 | Orb of Venom |
| 14:25 | Nature's Blessing |
| 15:12 | Chimaera |
| 16:38 | Chimaera |
| Chat | 930 |
| Right click | 301 |
| Select | 268 |
| Build/train/purchase | 87 |
| Misc. action | 64 |
| Use ability | 21 |
| Minimap ping | 17 |
| Assign group | 7 |
| Item give/drop | 2 |
| Remove unit | 1 |
| Select group | 1 |
⇛